 Dungeon Crawl Stone Soup version 0.30-a0-950-gbf40cfac39 (webtiles) character file.

Game seed: 5782326850685898801

429 CrazyBamboolord the Cutter (level 7, -6/41 HPs)
             Began as a Kobold Gladiator on Mar 28, 2023.
             Splashed by a jelly's acid (7 damage)
             ... on level 4 of the Dungeon.
             The game lasted 00:04:19 (3859 turns).

CrazyBamboolord the Cutter (Kobold Gladiator)       Turns: 3859, Time: 00:04:21

Health: -6/41      AC: -6    Str: 11    XL:     7   Next: 19%
Magic:  7/7        EV: 17    Int:  9    God:
Gold:   129        SH:  0    Dex: 19    Spells: 6/6 levels left

rFire   + . .      SeeInvis .    a - +0 rapier
rCold   + + .      Faith    .    (no shield)
rNeg    . . .      Spirit   .    s - +2 robe {rC+}
rPois   .          Reflect  .    c - +0 helmet
rElec   .          Rampage  .    (no cloak)
rCorr   .                        (no gloves)
Will    .....                    y - +0 pair of boots
Stlth   ++++                     (no amulet)
HPRegen 0.26/turn                k - ring of protection from fire
MPRegen 0.10/turn                l - ring of protection from cold

@: corroded
A: small, no large weapons, nightstalker 3
a: no special abilities


You were on level 4 of the Dungeon.
You visited 1 branch of the dungeon, and saw 5 of its levels.

You collected 268 gold pieces.
You spent 139 gold pieces at shops.

Inventory:

Hand Weapons
 a - a +0 rapier (weapon)
Missiles
 d - a throwing net (quivered)
 e - 2 boomerangs
Armour
 b - a +0 leather armour
 c - a +0 helmet (worn)
 s - a +2 robe of cold resistance (worn)
 y - a +0 pair of boots (worn)
Jewellery
 k - a ring of protection from fire (left hand)
 l - a ring of protection from cold (right hand)
Scrolls
 f - 2 scrolls of immolation
 m - 2 scrolls of teleportation
 o - a scroll of vulnerability
 q - 3 scrolls of enchant weapon {unknown}
 u - 2 scrolls of blinking {unknown}
 v - a scroll of fog {unknown}
 w - a scroll of noise {unknown}
 x - a scroll of summoning {unknown}
 B - a scroll of amnesia {unknown}
 C - a scroll of torment {unknown}
Potions
 g - a potion of degeneration
 h - a potion of brilliance
 j - a potion of lignification {unknown}
 n - a potion of might {unknown}
 p - a potion of curing
 r - a potion of haste
 t - a potion of heal wounds {unknown}
 z - a potion of mutation {unknown}
 A - a potion of berserk rage {unknown}


   Skills:
 * Level 3.3 Fighting
 * Level 7.0 Short Blades
 - Level 2.1 Throwing
 * Level 5.0 Dodging
 * Level 5.1 Stealth


You had 6 spell levels left.
You didn't know any spells.
Your spell library contained the following spells:

 Spells                   Type           Power      Damage    Failure   Level
 Necrotise                Necr           0%         1d4       38%         1
 Summon Small Mammal      Summ           0%         N/A       38%         1
 Ensorcelled Hibernation  Hex/Ice        0%         N/A       52%         2
 Passwall                 Tmut/Erth      0%         N/A       52%         2
 Call Canine Familiar     Summ           0%         N/A       77%         3
 Spider Form              Tmut/Pois      0%         N/A       77%         3
 Summon Guardian Golem    Hex/Summ       0%         N/A       77%         3
 Swiftness                Air            0%         N/A       77%         3
 Vampiric Draining        Necr           0%         2d6       77%         3
 Anguish                  Hex/Necr       0%         N/A       99%         4
 Agony                    Necr           0%         N/A       100%        5


Dungeon Overview and Level Annotations

Branches:
Dungeon (5/15)
 Temple: D:4-7

Altars:
Kikubaaqudgha
Qazlal
Xom
Zin

Shops:
D:4 [


Innate Abilities, Weirdness & Mutations

You are small and have problems with some larger weapons.
You are completely attuned to the shadows.


Message History

You hit the jelly. The acid corrodes you!
Your hands burn!
The jelly is moderately wounded.
You puncture the jelly!
Your hands burn!
The jelly is severely wounded.
The jelly hits you. The acid corrodes you!
You are splashed with acid!
You hit the jelly.
Your hands burn!
The jelly is severely wounded.
The jelly closely misses you.
You are too injured to fight recklessly!
You are too injured to fight recklessly!
You hit the jelly. The acid corrodes you!
Your hands burn!
The jelly is almost dead.
The jelly closely misses you.
You hit the jelly but do no damage.
Your hands burn!
The jelly is almost dead.
The jelly hits you.
You are splashed with acid!
* * * LOW HITPOINT WARNING * * *
You hit the jelly.
Your hands burn!
* * * LOW HITPOINT WARNING * * *
The jelly is almost dead.
The jelly misses you.
You hit the jelly but do no damage.
Your hands burn!
* * * LOW HITPOINT WARNING * * *
The jelly is almost dead.
The jelly barely misses you.
You hit the jelly but do no damage.
Your hands burn!
* * * LOW HITPOINT WARNING * * *
The jelly is almost dead.
The jelly completely misses you.
You feel better. The jelly closely misses you.
You hit the jelly but do no damage. The acid corrodes you!
Your hands burn!
* * * LOW HITPOINT WARNING * * *
The jelly is almost dead.
You hit the jelly.
Your hands burn!
* * * LOW HITPOINT WARNING * * *
The jelly is almost dead.
The jelly hits you.
* * * LOW HITPOINT WARNING * * *
You are splashed with acid!
You die...

..................#...#
.......#..............#
..#..#................##
.###.#............#....########
.# #.#..##.......[###..).##...#
.###....##....................#
.#.#....###...................#
........##.....J.........######
............##..@.......##
##.........###.........##
............).........##
.###..................#
###..................## #
##.................####
####..∩....#............#
.#...###..##........#.#.#
....[#
#..)#............########


You could see a jelly.

Vanquished Creatures
  A black bear (D:4)
  A phantom (D:4)
  A jelly (D:5)
  Jessica (D:2)
  An iguana (D:5)
  7 gnolls
  5 adders
  An ufetubus (D:4)
  4 worms
  2 dart slugs (D:4)
  An orc (D:4)
  3 ball pythons
  5 bats
  3 endoplasms
  6 giant cockroaches
  5 goblins
  4 hobgoblins
  4 jackals (D:5)
  4 kobolds
  A quokka (D:1)
  2 frilled lizards
  A rat (D:2)
63 creatures vanquished.

Notes
Turn   | Place    | Note
-------+----------+-------------------------------------------
     0 | D:1      | CrazyBamboolord the Kobold Gladiator began the quest for
                  | the Orb.
     0 | D:1      | Reached XP level 1. HP: 12/12 MP: 1/1
   176 | D:1      | Reached XP level 2. HP: 17/17 MP: 2/2
   850 | D:1      | Reached XP level 3. HP: 20/22 MP: 3/3
  1090 | D:1      | Reached skill level 1 in Stealth
  1343 | D:2      | Found a faded altar of an unknown god.
  1400 | D:2      | Noticed Jessica
  1405 | D:2      | Killed Jessica
  1406 | D:2      | Reached skill level 5 in Short Blades
  1406 | D:2      | Reached XP level 4. HP: 27/27 MP: 4/4
  1934 | D:2      | Reached XP level 5. HP: 22/31 MP: 5/5
  2765 | D:4      | Noticed a black bear
  2780 | D:4      | Killed a black bear
  2781 | D:4      | Reached skill level 6 in Short Blades
  2781 | D:4      | Reached XP level 6. HP: 14/37 MP: 6/6
  3140 | D:4      | Found Tiblol's Antique Armour Boutique.
  3150 | D:4      | Bought a pair of boots for 139 gold pieces
  3376 | D:4      | Found a stormy altar of Qazlal.
  3376 | D:4      | Found a stormy altar of Qazlal.
  3376 | D:4      | Found a shimmering altar of Xom.
  3380 | D:4      | Found a glowing silver altar of Zin.
  3380 | D:4      | Found an ancient bone altar of Kikubaaqudgha.
  3382 | D:4      | Found a stormy altar of Qazlal.
  3455 | D:5      | Entered Level 5 of the Dungeon
  3476 | D:5      | Reached XP level 7. HP: 41/41 MP: 7/7
  3490 | D:5      | Reached skill level 5 in Dodging
  3490 | D:5      | Reached skill level 5 in Stealth
  3591 | D:5      | Reached skill level 7 in Short Blades
  3859 | D:4      | HP: 1/41 [jelly (3)]
  3859 | D:4      | Splashed by a jelly's acid

Illustrated notes

Levels and vault maps discovered:
D:1:      dpeg_arrival_brainrot, layout_basic
D:2:      layout_basic, shapermc_ecumenical_altar_pompeii, uniq_jessica
D:3:      layout_basic, hangedman_decor_riveting
D:4:      layout_cave_pools, doesnt_xom_only_xom, serial_shops, shop,
          serial_glass, glass_columns_c, glass_columns_a, glass_columns_a,
          glass_columns_a, glass_columns_b, glass_columns_a, glass_columns_a,
          glass_columns_a
D:5:      layout_basic, hellmonk_ghost_happy_afterlife, minmay_manual_mares,
          uniq_blork_the_orc

Skill      XL: |  1  2  3  4  5  6  7 |
---------------+----------------------+-----
Dodging        | 4 5 |  5.0
Stealth        | 1 2 4 5 |  5.1
Short Blades   | 5 6 7 |  7.0
Fighting       | 3 |  3.3
Throwing       | |  2.1

Action                     |  1- 3 |  4- 6 |  7- 9 || total
---------------------------+-------+-------+-------++-------
  Melee: Rapier            |    50 |   118 |    64 ||   232
         Punch             |       |     3 |       ||     3
  Throw: Throwing net      |     2 |       |       ||     2
    Use: Scroll            |       |       |     6 ||     6
         Potion            |       |       |     2 ||     2
   Stab: Sleeping          |     8 |    15 |       ||    23
         Held in net/web   |     1 |       |       ||     1
         Distracted        |       |     1 |       ||     1
 Armour: Leather armour    |     8 |       |       ||     8
         Robe              |       |    18 |     9 ||    27
  Dodge: Dodged            |    24 |    80 |    62 ||   166

Table legend: (Time is in decaauts)
 A = Elapsed time spent in this place.
 B = Non-inter-level travel time spent in this place.
 C = Inter-level travel time spent in this place.
 D = Time resting spent in this place.
 E = Time spent auto-exploring this place.
 F = Levels seen in this place.
 G = Mean time per level.
                   A        B        C        D        E       F      G
               +--------+--------+--------+--------+--------+-----+--------+
         Total |   3819 |   3727 |     92 |    163 |   3028 |   5 |  763.8 |
       Dungeon |   3819 |   3727 |     92 |    163 |   3028 |   5 |  763.8 |
               +--------+--------+--------+--------+--------+-----+--------+

Top non-repeatable levels by time:
     D:1: 1274 daAuts
     D:4: 967 daAuts
     D:2: 898 daAuts
     D:3: 507 daAuts
     D:5: 172 daAuts
